Selects Luftwaffe Battlegroup
Selects Luftwaffe Pioneer Support
Fallschirmpioneer Squad Paradrop
Construct Infanterie Kompanie
Fallschirmpioneer Squad Paradrop
Fallschirmpioneer Squad Paradrop
Construct Panzergrenadier Kompanie
Pak 40 Anti-tank Gun Team
Selects Reconnaissance Run
Selects Fallschirmjäger Squad Paradrop
Fallschirmpioneer Squad Paradrop
Pak 40 Anti-tank Gun Team
Pak 40 Anti-tank Gun Team
Pak 40 Anti-tank Gun Team
Pak 40 Anti-tank Gun Team
Infanterie Officer Quarters